 Dungeon Crawl Stone Soup version 0.23-a0-607-g760965b (webtiles) character file.

91 MisterFreud the Twirler (level 4, -2/32 HPs)
             Began as a Human Wanderer on Dec 20, 2018.
             Slain by a wyvern skeleton (14 damage)
             ... on level 3 of the Dungeon.
             The game lasted 00:04:38 (2065 turns).

MisterFreud the Twirler (Human Wanderer)            Turns: 2065, Time: 00:04:38

Health: -2/32      AC:  2    Str: 13    XL:     4   Next: 87%
Magic:  5/5        EV: 12    Int: 12    God:
Gold:   123        SH:  0    Dex: 13    Spells: 5/5 levels left

rFire    . . .     SeeInvis .   a - +0 quarterstaff
rCold    . . .     Gourm    .   (shield currently unavailable)
rNeg     . . .     Faith    .   e - +0 robe
rPois    .         Spirit   .   (no helmet)
rElec    .         Reflect  .   (no cloak)
rCorr    .         Harm     .   (no gloves)
MR       .....                  (no boots)
Stlth    ++........             (no amulet)
HPRegen  0.10/turn              (no ring)
MPRegen  0.09/turn              (no ring)

@: no status effects
A: no striking features
a: no special abilities


You were on level 3 of the Dungeon.
You were not hungry.

You visited 1 branch of the dungeon, and saw 3 of its levels.

You collected 123 gold pieces.

Inventory:

Hand Weapons
 a - a +0 quarterstaff (weapon)
 b - a +0 hunting sling
 c - a +2 dagger
Missiles
 g - 12 bolts
 h - 114 stones (quivered)
 l - 15 arrows
Armour
 e - a +0 robe (worn)
Scrolls
 d - a scroll of teleportation
 i - a scroll of identify
 j - 2 scrolls of remove curse
 k - a scroll of fog {unknown}
 m - a scroll of immolation {unknown}
 q - a scroll of fear {unknown}
Potions
 n - a potion of might
 o - a potion of agility
 p - 2 potions of haste
 r - a potion of mutation
Comestibles
 f - 3 rations


   Skills:
 - Level 1.0 Fighting
 + Level 4.8 Staves
 - Level 1.1 Slings
 - Level 1.0 Dodging
 - Level 2.0 Stealth
 - Level 1.0 Spellcasting
   Level 1.0 Ice Magic
   Level 1.0 Earth Magic
   Level 1.0 Evocations


You had 5 spell levels left.
You didn't know any spells.
Your spell library was empty.

Dungeon Overview and Level Annotations

Branches:
Dungeon (3/15)

Altars:
Kikubaaqudgha


Message History

Firing (i - inventory)
h - 115 stones (quivered)
Press: ? - help, Shift-Dir - straight line, f/p - wyvern skeleton
Aim: a wyvern skeleton (moderately damaged)
You shoot a stone.
The stone hits the wyvern skeleton but does no damage.
The wyvern skeleton is moderately damaged.
a - a +0 quarterstaff (weapon)
You barely miss the wyvern skeleton.
The wyvern skeleton is moderately damaged.
The wyvern skeleton barely misses you. The wyvern skeleton closely misses you.
You hit the wyvern skeleton.
The wyvern skeleton is moderately damaged.
The wyvern skeleton bites you.
You hit the wyvern skeleton.
The wyvern skeleton is heavily damaged.
The wyvern skeleton bites you!
You completely miss the wyvern skeleton.
The wyvern skeleton is heavily damaged.
The wyvern skeleton bites you!
You die...

## #. .#### .
###...# # ...
....[##.#
#....#......##.
#.....@Z.((...
#.########...(.
... .


You could see a wyvern skeleton.

Vanquished Creatures
  A centaur skeleton (D:2)
  2 adders (D:2)
  A worm (D:2)
  A dart slug (D:1)
  2 leopard geckos
  3 giant cockroaches
  4 goblins
  3 hobgoblins
  4 jackals (D:2)
  A ball python (D:2)
  4 bats
  4 frilled lizards
  3 kobolds
  6 rats
39 creatures vanquished.

Notes
Turn   | Place    | Note
-------+----------+-------------------------------------------
     0 | D:1      | MisterFreud the Human Wanderer began the quest for the Orb.
     0 | D:1      | MisterFreud set off with the following items: a +2 dagger,
                  | a potion of haste, a +0 quarterstaff, a scroll of
                  | teleportation, a +0 robe, a ration
     0 | D:1      | Reached XP level 1. HP: 15/15 MP: 2/2
   303 | D:1      | Reached XP level 2. HP: 21/21 MP: 3/3
   859 | D:2      | Reached XP level 3. HP: 19/26 MP: 4/4
   876 | D:2      | Reached skill level 4 in Staves
  1054 | D:2      | Reached skill level 1 in Slings
  1054 | D:2      | Reached skill level 1 in Dodging
  1054 | D:2      | Reached XP level 4. HP: 13/32 MP: 5/5
  1347 | D:2      | Found an ancient bone altar of Kikubaaqudgha.
  2065 | D:3      | Slain by a wyvern skeleton

Vault maps used:
D:1:      dpeg_arrival_stone_temple_mockup
D:2:      kiku_gazebo_pond_becter, first_ration
D:3:      lemuel_upstairs_altar, cheibrodos_sewer_entry_drain,
          gammafunk_ghost_mausoleum, uniq_robin

Skill      XL: |  1  2  3 |
---------------+----------+-----
Staves         | 4 |  4.8
Slings         | 1 |  1.1
Dodging        | 1 |  1.0
Fighting       | |  1.0
Stealth        | |  2.0
Spellcasting   | |  1.0
Ice Magic      | |  1.0
Earth Magic    | |  1.0
Evocations     | |  1.0

Action                   |  1- 3 |  4- 6 || total
-------------------------+-------+-------++-------
Melee: Quarterstaff      |    60 |    30 ||    90
 Fire: Hunting sling     |    18 |    18 ||    36
  Use: Scroll            |     2 |     5 ||     7
       Potion            |       |     1 ||     1
 Stab: Sleeping          |     4 |       ||     4
  Eat: Chunk             |       |     4 ||     4
Armor: Robe              |    10 |     6 ||    16
Dodge: Dodged            |    36 |    23 ||    59

Table legend:
 A = Non-vault XP
 B = Vault XP
 C = Vault XP percentage of total XP
 D = Non-vault monster count
 E = Vault monster count
 F = Vault count percentage of total count
                 A         B        C        D         E       F
            +---------+---------+-------+---------+---------+-------
      Total |     130 |       0 |   0.0 |      39 |       0 |   0.0
            +---------+---------+-------+---------+---------+-------
        D:1 |      21 |       0 |   0.0 |      13 |       0 |   0.0
        D:2 |     109 |       0 |   0.0 |      26 |       0 |   0.0
            +---------+---------+-------+---------+---------+-------
